 Dungeon Crawl Stone Soup version 0.26.0-10-g1f06aea511 (webtiles) character file.

Game seed: 1357269519569957975

2517 nightchill the Spear-Bearer (level 9, -1/68 HPs)
             Began as a Merfolk Ice Elementalist on Jan 28, 2021.
             Was a Priest of Ru.
             Slain by a two-headed ogre
             ... wielding a +0 giant club
              (7 damage)
             ... on level 8 of the Dungeon.
             The game lasted 00:22:46 (10273 turns).

nightchill the Spear-Bearer (MfIE)                 Turns: 10273, Time: 00:22:46

Health: -1/68      AC: 11    Str: 12    XL:     9   Next: 54%
Magic:  9/16       EV: 12    Int: 14    God:    Ru [***...]
Gold:   502        SH:  0    Dex: 14    Spells: 7/18 levels left

rFire    + . .     SeeInvis .   a - +0 glaive
rCold    + . .     Faith    .   (shield currently unavailable)
rNeg     . . .     Spirit   .   w - +1 leather armour "Zeomyrik" {rF+}
rPois    .         Reflect  .   (no helmet)
rElec    .         Harm     .   (no cloak)
rCorr    .         Rampage  .   z - +0 pair of gloves
Will     +....                  A - +0 pair of boots
Stlth    ..........             r - amulet of the acrobat
HPRegen  0.21/turn              f - ring of protection from cold
MPRegen  0.15/turn              o - ring of willpower

@: icy armour, frozen ramparts
A: change form in water, swift swim, stealthy swim, no stealth, inexperienced 1
a: Renounce Religion, Draw Out Power


You were on level 8 of the Dungeon.
You worshipped Ru.
Ru was most pleased with you.
You visited 1 branch of the dungeon, and saw 8 of its levels.

You collected 502 gold pieces.

Inventory:

Hand Weapons
 a - a +0 glaive (weapon)
 b - the +4 spear "Ysmysoeq" {flame, Int+4}
   (You found it on level 4 of the Dungeon)

   It has been specially enchanted to burn those struck by it, causing extra
   injury to most foes and up to half again as much damage against particularly
   susceptible opponents.
   It affects your intelligence (+4).
Missiles
 g - 8 javelins
 v - 3 throwing nets
 B - 262 stones (quivered)
Armour
 w - the +1 leather armour "Zeomyrik" (worn) {rF+}
   (You found it on level 4 of the Dungeon)

   It protects you from fire.
 z - a +0 pair of gloves (worn)
 A - a +0 pair of boots (worn)
Jewellery
 f - a ring of protection from cold (left hand)
 k - an uncursed ring of resist corrosion {unknown}
 o - a ring of willpower (right hand)
 r - an amulet of the acrobat (around neck)
Wands
 y - a wand of iceblast (7)
 D - a wand of disintegration (11)
Scrolls
 c - a scroll of immolation {unknown}
 i - 4 scrolls of enchant weapon
 m - a scroll of identify
 n - 3 scrolls of remove curse
 p - 2 scrolls of fog {unknown}
 s - a scroll of magic mapping {unknown}
 t - 2 scrolls of amnesia {unknown}
 u - 5 scrolls of teleportation {unknown}
 x - a scroll of holy word {unknown}
 C - a scroll of blinking {unknown}
Potions
 d - 5 potions of curing
 e - 3 potions of haste {unknown}
 h - 2 potions of heal wounds
 j - a potion of flight {unknown}
 l - 3 potions of attraction
 q - 2 potions of brilliance


   Skills:
 + Level 5.5 Fighting
 * Level 10.4 Polearms
 - Level 2.6 Dodging
 + Level 5.2 Spellcasting
 + Level 2.9 Summonings
 + Level 8.6 Ice Magic


You had 7 spell levels left.
You knew the following spells:

 Your Spells              Type           Power        Failure   Level
a - Freeze                Ice            100%         1%          1
b - Frozen Ramparts       Ice            54%          1%          3
c - Ozocubu's Armour      Ice            27%          1%          3
d - Summon Ice Beast      Ice/Summ       19%          21%         4

Your spell library contained the following spells:

 Spells                   Type           Power        Failure   Level
 Summon Small Mammal      Summ           44%          6%          1
 Call Imp                 Summ           11%          10%         2
 Animate Skeleton         Necr           6%           22%         1
 Apportation              Tloc           6%           22%         1
 Corona                   Hex            3%           22%         1
 Magic Dart               Conj           12%          22%         1
 Pain                     Necr           12%          22%         1
 Blink                    Tloc           N/A          32%         2
 Slow                     Hex            3%           32%         2
 Hailstorm                Conj/Ice       15%          36%         4
 Conjure Flame            Conj/Fire      3%           54%         3
 Mephitic Cloud           Conj/Pois/Air  3%           54%         3
 Vampiric Draining        Necr           1%           54%         3
 Animate Dead             Necr           1%           91%         4
 Agony                    Necr           3%           99%         5


Dungeon Overview and Level Annotations

Branches:
Dungeon (8/15)             Temple (0/1) D:5
   Lair: D:8-11

Altars:
Ashenzari
Dithmenos
Fedhas
Gozag
Okawaru
Qazlal
Ru
Sif Muna
Uskayaw

Shops:
D:4 [   D:5 (

Annotations:
D:2 exclusion: downstairs
D:3 exclusion: downstairs
D:6 1 runed translucent door, Dirian's ghost, novice MiFi


Innate Abilities, Weirdness & Mutations

You revert to your normal form in water.
You are very nimble and swift while swimming.
You are very stealthy in the water. (Stealth+)
You cannot be stealthy.
You are somewhat inexperienced. (-2 XL)


Message History

Casting: Ozocubu's Armour (safe; 1% risk of failure)
Confirm with . or Enter, or press ? or * to list all spells.
Aiming: Freeze (safe; 1% risk of failure)
Press: ? - help, Shift-Dir - straight line, f/p - two-headed ogre
Aim: a two-headed ogre, wielding two +0 giant clubs (heavily wounded, blind)
You freeze the two-headed ogre.
The two-headed ogre is heavily wounded.
The two-headed ogre is no longer blind.
Casting: Freeze (safe; 1% risk of failure)
Confirm with . or Enter, or press ? or * to list all spells.
Aiming: Freeze (safe; 1% risk of failure)
Press: ? - help, Shift-Dir - straight line, f/p - two-headed ogre
Aim: a two-headed ogre, wielding two +0 giant clubs (heavily wounded)
You freeze the two-headed ogre.
The two-headed ogre is severely wounded.
The wall freezes the two-headed ogre.
The two-headed ogre hits you with a +0 giant club!
* * * LOW HITPOINT WARNING * * *
The two-headed ogre hits you with a +0 giant club!
You die...

##....###..####....#
...................# #.##
#...........#......## #...#
#...........##......## #....#
.......#...###.......# #....##
.......#....##......## .......
...........##........##.......
................[.............
................@O####.......#
#####.######......÷##......###
§§#.# #....##.........##..
§§#.# #...................
§§#. #.............#$..>. §§#
#...................
#...................
#.....#####.......## #...#.#
..........


You could see a two-headed ogre.

Vanquished Creatures
  A hornet (D:7)
  A water moccasin (D:6)
  A sky beast (D:6)
  An orc warrior (D:4)
  A black bear (D:7)
  A phantom (D:7)
  2 ice beasts
  2 ogres
  A centaur (D:6)
  3 bullfrogs
  3 scorpions
  5 wights (D:6)
  2 hounds (D:4)
  A gnoll shaman (D:4)
  A bullfrog skeleton (D:5)
  2 orc priests
  8 orc wizards
  Terence (D:2)
  7 worker ants
  2 iguanas
  A howler monkey zombie (D:8)
  8 gnolls
  12 adders
  An ufetubus (D:6)
  An adder zombie (D:6)
  An adder skeleton (D:7)
  6 worms
  4 leopard geckos
  26 orcs
  6 giant cockroaches
  7 goblins
  6 hobgoblins
  16 jackals
  5 kobolds
  4 quokkas
  9 bats
  7 frilled lizards
  A leopard gecko skeleton (D:6)
  2 rats (D:1)
169 creatures vanquished.

Vanquished Creatures (others)
  A phantom (D:8)
1 creature vanquished.

Grand Total: 170 creatures vanquished

Notes
Turn   | Place    | Note
-------+----------+-------------------------------------------
     0 | D:1      | nightchill the Merfolk Ice Elementalist began the quest for
                  | the Orb.
     0 | D:1      | Reached XP level 1. HP: 13/13 MP: 3/3
   385 | D:1      | Reached skill level 1 in Polearms
   385 | D:1      | Reached XP level 2. HP: 20/20 MP: 5/5
  1018 | D:2      | Found a shadowy altar of Dithmenos.
  1128 | D:2      | Noticed Terence
  1149 | D:2      | Killed Terence
  1150 | D:2      | Reached skill level 1 in Fighting
  1150 | D:2      | Reached skill level 2 in Polearms
  1150 | D:2      | Reached XP level 3. HP: 15/26 MP: 0/6
  1286 | D:2      | Learned a level 3 spell: Frozen Ramparts
  1292 | D:2      | Found a blossoming altar of Fedhas.
  1300 | D:2      | Found a sacrificial altar of Ru.
  1414 | D:2      | Became a worshipper of Ru the Awakened
  1697 | D:2      | Reached skill level 5 in Ice Magic
  1701 | D:2      | Reached XP level 4. HP: 32/32 MP: 3/7
  1973 | D:2      | Reached skill level 3 in Polearms
  1980 | D:2      | Reached XP level 5. HP: 28/38 MP: 5/8
  2987 | D:3      | Reached skill level 4 in Polearms
  3121 | D:3      | Learned a level 3 spell: Ozocubu's Armour
  3525 | D:3      | Reached XP level 6. HP: 18/45 MP: 3/10
  4019 | D:3      | Gained mutation: You are somewhat inexperienced. (-2 XL)
                  | [Ru sacrifice]
  4019 | D:3      | Reached XP level 5. HP: 39/39 MP: 9/9
  4019 | D:3      | Reached XP level 4. HP: 34/34 MP: 8/8
  4019 | D:3      | Reached * piety under Ru
  4019 | D:3      | Reached ** piety under Ru
  4132 | D:4      | Noticed an ice beast
  4153 | D:4      | Killed an ice beast
  4154 | D:4      | Reached skill level 5 in Polearms
  4154 | D:4      | Reached XP level 5. HP: 32/39 MP: 5/9
  4458 | D:4      | Noticed an ogre
  4465 | D:4      | Killed an ogre
  4466 | D:4      | Reached XP level 6. HP: 46/46 MP: 3/10
  4652 | D:4      | Reached skill level 6 in Polearms
  4710 | D:4      | Noticed an orc warrior
  4994 | D:4      | Reached XP level 7. HP: 43/52 MP: 8/12
  5112 | D:4      | Got a fine leather armour
  5151 | D:4      | Reached skill level 7 in Polearms
  5616 | D:4      | Found a broken altar of Ashenzari.
  5655 | D:4      | Got an encrusted spear
  5656 | D:4      | Identified the +4 spear "Ysmysoeq" {flame, Int+4} (You
                  | found it on level 4 of the Dungeon)
  5762 | D:4      | Found a stormy altar of Qazlal.
  5770 | D:4      | Found a hide-covered altar of Uskayaw.
  5837 | D:4      | Found Dotulus's Antique Armour Shoppe.
  5937 | D:5      | Entered Level 5 of the Dungeon
  6114 | D:5      | Found an opulent altar of Gozag.
  6121 | D:5      | Reached XP level 8. HP: 60/60 MP: 12/14
  6220 | D:5      | Found Lips's Weapon Shoppe.
  6438 | D:5      | Found a staircase to the Ecumenical Temple.
  6506 | D:5      | Reached skill level 8 in Polearms
  7140 | D:6      | Identified the +1 leather armour "Zeomyrik" {rF+} (You
                  | found it on level 4 of the Dungeon)
  7158 | D:6      | Learned a level 4 spell: Summon Ice Beast
  7178 | D:6      | Gained mutation: You cannot be stealthy. [Ru sacrifice]
  7178 | D:6      | Reached *** piety under Ru
  7409 | D:6      | Found a runed translucent door.
  7409 | D:6      | Noticed Dirian's ghost (novice MiFi)
  7416 | D:6      | Reached skill level 1 in Summonings
  7682 | D:6      | Reached skill level 9 in Polearms
  7864 | D:6      | Found an iron altar of Okawaru.
  8413 | D:6      | Reached XP level 9. HP: 52/66 MP: 16/16
  8560 | D:6      | Found a shimmering blue altar of Sif Muna.
  9135 | D:7      | Reached skill level 5 in Fighting
  9839 | D:7      | Reached skill level 5 in Spellcasting
  9950 | D:7      | Reached skill level 10 in Polearms
 10005 | D:8      | Noticed a hornet
 10017 | D:7      | Paralysed by a hornet for 1 turns
 10018 | D:7      | Killed a hornet
 10257 | D:8      | Noticed a two-headed ogre
 10273 | D:8      | Slain by a two-headed ogre

Illustrated notes

Levels and vault maps discovered:
D:1:      dpeg_arrival_concentric_ovals, layout_basic, minmay_pentomino_q2
D:2:      layout_rooms, nicolae_ru_great_annihilating_truth,
          lemuel_doored_altar, grunt_dithmenos_smoke, serial_co_window_serial,
          co_window_of_opportunity_a, co_window_corner_a,
          co_window_of_opportunity_a, co_window_corner_a, co_window_paths_a,
          co_window_cross_1, co_window_2corner, co_window_broadway_c,
          co_window_broadway_c, co_window_of_opportunity_c,
          co_window_broadway_c, uniq_terence
D:3:      layout_rooms
D:4:      layout_rooms, grunt_temple_overflow_open, serial_shops,
          kennysheep_mini
D:5:      layout_basic, nicolae_gozag_cash_rules_everything_around_me,
          minmay_temple_entry_stoned_glass, serial_shops, shop
D:6:      layout_loops_ring, overflow_temple_1_default, led_sif_pool,
          gammafunk_ghost_grave, minivault_4
D:7:      layout_basic
D:8:      layout_cave_pools, nicolae_qazlal_eye_of_the_storm, uniq_psyche

Skill      XL: |  1  2  3  4  5  6  7  8  9 |
---------------+----------------------------+-----
Polearms       | 1 2 5 4 6 7 9 10 | 10.4
Fighting       | 1 2 3 4 5 |  5.5
Ice Magic      | 5 6 7 8 |  8.6
Spellcasting   | 3 4 5 |  5.2
Stealth        | 0 |  0.0
Summonings     | 1 2 |  2.9
Dodging        | |  2.6

Action                   |  1- 3 |  4- 6 |  7- 9 || total
-------------------------+-------+-------+-------++-------
Melee: Spear             |    94 |    18 |       ||   112
       Halberd           |       |   175 |    31 ||   206
       Glaive            |       |       |   255 ||   255
Throw: Stone             |     3 |     1 |     1 ||     5
 Cast: Freeze            |    13 |     7 |     7 ||    27
       Frozen Ramparts   |     1 |    17 |    11 ||    29
       Ozocubu's Armour  |       |     2 |     9 ||    11
Invok: Sacrifice Experie |       |     1 |       ||     1
       Draw Out Power    |       |       |     1 ||     1
       Sacrifice Stealth |       |       |     1 ||     1
  Use: Scroll            |       |     3 |     5 ||     8
 Stab: Sleeping          |     2 |     2 |     5 ||     9
       Paralysed         |     4 |       |       ||     4
       Distracted        |       |     1 |       ||     1
       Invisible         |       |       |     3 ||     3
Armor: Robe              |    13 |    37 |    19 ||    69
       Leather armour    |       |       |    50 ||    50
Dodge: Dodged            |    55 |   125 |   181 ||   361
